 Dungeon Sprint DCSS version 0.30.0-29-ga12c61a403 (webtiles) character file.

Game seed: 17249499817962546859

18269 boopmooplesden the Impaler (level 12, -15/113 HPs)
             Began as a Demonspawn Berserker on June 23, 2023.
             Was the Champion of Trog.
             Demolished by a stone giant (20 damage)
             ... in the Dungeon (Sprint VII: "The Pits").
             The game lasted 00:07:50 (2945 turns).

boopmooplesden the Impaler (Demonspawn Berserker)   Turns: 2945, Time: 00:07:51

Health: -15/113    AC: 18    Str: 22    XL:     12   Next: 26%
Magic:  1/7        EV: 12    Int:  9    God:    Trog [******]
Gold:   51         SH:  8    Dex: 15    Spells: 11/11 levels left

rFire   . . .        x - +4 demon trident (antimagic)
rCold   . . .        C - +4 buckler of Toroareh {rElec MP+9 Str+2}
rNeg    . . .        v - +4 chain mail
rPois   +            (no helmet)
rElec   +            t - +0 cloak
rCorr   .            (no gloves)
SInv    .            (boots unavailable)
Will    +++..        (no amulet)
Stlth   +            B - ring of poison resistance
HPRegen 1.38/turn    z - ring of willpower
MPRegen 0.10/turn

%: no teleportation
@: strong-willed, on berserk cooldown, regenerating, slowed, very slow
A: claws 2, hooves 3, foul stench 3, powered by death 1
a: Renounce Religion, Berserk, Trog's Hand, Brothers in Arms


You were in the Dungeon.
You worshipped Trog.
Trog was exalted by your worship.
You visited 1 branch You collected 51 gold pieces.

Inventory:

Hand Weapons
 a - a +0 spear
 i - a +2 trident
 m - a +1 heavy trident
 o - a +2 glaive of flaming
 u - a +2 halberd of protection
 w - a +4 glaive of flaming
 x - a +4 antimagic demon trident (weapon)
 y - a +1 bardiche of flaming
 I - the +8 halberd of Conscience {heavy, *Slow rPois Str+10 Dex-4}
   (Trog gifted it to you in the Dungeon)

   Str:       It affects your strength (+10).
   Dex:       It affects your dexterity (-4).
   rPois:     It protects you from poison.
   *Slow:     It may slow you when you take damage.
Armour
 b - a +0 animal skin
 l - a +3 chain mail
 s - a +0 pair of boots
 t - a +0 cloak (worn)
 v - a +4 chain mail (worn)
 C - the +4 buckler of Toroareh (worn) {rElec MP+9 Str+2}
   (You acquired it in the Dungeon)

   Str:       It affects your strength (+2).
   rElec:     It insulates you from electricity.
   MP:        It affects your magic capacity (+9).
Jewellery
 p - a +3 ring of strength
 q - a +3 ring of evasion
 z - a ring of willpower (right claw)
 B - a ring of poison resistance (left claw)
Scrolls
 h - 3 scrolls of blinking
 k - a scroll of butterflies
 D - 2 scrolls of fear
 E - 4 scrolls of enchant weapon
 F - 4 scrolls of enchant armour
Potions
 c - 8 potions of curing
 d - 11 potions of heal wounds
 e - 2 potions of haste
 f - 4 potions of magic
 g - 4 potions of berserk rage
 j - 2 potions of invisibility
 n - a potion of attraction {unknown}
 r - 2 potions of resistance
 A - a potion of cancellation
 G - a potion of might
 H - a potion of brilliance {unknown}


   Skills:
 + Level 16.8 Fighting
 + Level 18.4 Polearms
 + Level 13.8 Armour
 + Level 9.1 Dodging
 + Level 6.0 Stealth
 + Level 2.4 Shields


You had 11 spell levels left.
You didn't know any spells.
Your spell library was empty.

Dungeon Overview and Level Annotations

Branches:
Dungeon (1/1)

Altars:


Innate Abilities, Weirdness & Mutations

You have very sharp fingernails.
You have hooves in place of feet.
You frequently emit foul miasma when damaged in melee.
You regenerate a little health from kills.


Message History

The stone giant attacks as you move away!
The stone giant barely misses you.
Okay, then.
You feel much better.
You hear some strange, mumbled words.
A shard of ice appears from out of thin air!
The shard of ice hits you!!
You hear some strange, mumbled words.
A shard of ice appears from out of thin air!
The shard of ice hits you!!
* * * LOW HITPOINT WARNING * * *
You block the stone giant's attack.
You feel much better. Something hits you! The stone giant hits you!!
* * * LOW HITPOINT WARNING * * *
You emit a cloud of foul miasma!
Something hits you!
* * * LOW HITPOINT WARNING * * *
The stone giant is engulfed in dark miasma.
The stone giant looks even sicker.
You block the stone giant's attack.
You hit something. Your kick misses something. You block something's attack.
The stone giant is engulfed in dark miasma.
The stone giant looks even sicker.
The stone giant seems to slow down.
The stone giant hits you!
* * * LOW HITPOINT WARNING * * *
Unknown command.
You miss something. You kick something!
The stone giant is no longer moving slowly.
You block something's attack. Something hits you!
* * * LOW HITPOINT WARNING * * *
You hit something. Your kick misses something.
Something hits you but does no damage.
The stone giant is engulfed in dark miasma.
The stone giant looks as sick as possible!
You block the stone giant's attack.
Unknown command.
You completely miss something. You kick something.
Something hits you but does no damage.
The stone giant is engulfed in dark miasma.
The stone giant looks as sick as possible!
The stone giant hits you!!
You die...

#..........+ ###''####''#
###''####''############
#......##..............
#.#+##.##..)...........
#.#))).##..############
#.+.[#.##..# #.#.○C{##..#
###########.+/°#@##..#
.....##..##.##+#.##).#
.....##..##......##..#
.....''..##########).#
.....''..##########).#
.....##...†.......)..#
.....##....).........#
######################
#####
##########################


You could see a stone giant (extremely poisoned).

Vanquished Creatures
  2 vampire knights (D)
  A lorocyproca (D)
  A merfolk javelineer (D)
  Josephine (D)
  An anaconda (D)
  A two-headed ogre (D)
  A death yak (D)
  An orc high priest (D)
  A swamp dragon (D)
  A sea snake (D)
  A deep troll (D)
  Pikel (D)
  An orc knight (D)
  An orc sorcerer (D)
  A manticore (D)
  2 elephants (D)
  Joseph (D)
  2 gargoyles (D)
  A kobold demonologist (D)
  A smoke demon (D)
  A komodo dragon (D)
  An efreet (D)
  A molten gargoyle (D)
  A guardian mummy (D)
  3 merfolk (D)
  A red devil (D)
  A snapping turtle (D)
  A tarantella (D)
  8 blink frogs (D)
  2 flying skulls (D)
  2 spriggans (D)
  A wyvern (D)
  3 wraiths (D)
  3 yaks (D)
  Eustachio (D)
  2 basilisks (D)
  A fire bat (D)
  2 steam dragons (D)
  A redback (D)
  4 floating eyes (D)
  3 orc warriors (D)
  A black bear (D)
  2 sky beasts (D)
  A wolf (D)
  An earth elemental (D)
  5 killer bees (D)
  2 crimson imps (D)
  A quasit (D)
  3 orc priests (D)
  Jessica (D)
  An orc wizard (D)
  An ufetubus (D)
  An adder simulacrum (D)
  10 orcs (D)
  A bat skeleton (D)
  2 endoplasms (D)
  A goblin (D)
  2 hobgoblins (D)
  3 jackals (D)
  A quokka (D)
  A frilled lizard (D)
  3 rats (D)
110 creatures vanquished.

Vanquished Creatures (others)
  A swamp drake (D)
  4 orcs (D)
5 creatures vanquished.

Grand Total: 115 creatures vanquished

Notes
Turn   | Place    | Note
-------+----------+-------------------------------------------
     0 | D        | boopmooplesden the Demonspawn Berserker began the quest for
                  | the Orb.
     0 | D        | Reached XP level 1. HP: 18/18 MP: 1/1
    13 | D        | Reached skill level 3 in Polearms
    47 | D        | Noticed a floating eye
    51 | D        | Paralysed by a floating eye for 3 turns
    54 | D        | Killed a floating eye
    55 | D        | Reached skill level 5 in Polearms
    55 | D        | Gained mutation: You regenerate a little health from kills.
                  | [demonic ancestry]
    55 | D        | Reached XP level 2. HP: 24/28 MP: 2/2
    55 | D        | Reached XP level 3. HP: 29/34 MP: 3/3
    55 | D        | Discovered your monstrous ancestry.
    55 | D        | Gained mutation: You have large cloven feet. [demonic
                  | ancestry]
    55 | D        | Reached XP level 4. HP: 34/40 MP: 4/4
    56 | D        | Reached ** piety under Trog
    80 | D        | Noticed a floating eye
    83 | D        | Killed a floating eye
    84 | D        | Reached skill level 7 in Polearms
    84 | D        | Gained mutation: You may rarely emit foul miasma when
                  | damaged in melee. [demonic ancestry]
    84 | D        | Reached XP level 5. HP: 48/48 MP: 5/5
   193 | D        | Noticed a floating eye
   197 | D        | Killed a floating eye
   197 | D        | Reached *** piety under Trog
   198 | D        | Reached skill level 8 in Polearms
   198 | D        | Reached skill level 1 in Stealth
   198 | D        | Gained mutation: You have sharp fingernails. [demonic
                  | ancestry]
   198 | D        | Reached XP level 6. HP: 57/57 MP: 6/6
   268 | D        | Noticed a flying skull
   270 | D        | Noticed a fire bat
   281 | D        | Killed a flying skull
   281 | D        | Reached **** piety under Trog
   282 | D        | Reached skill level 9 in Polearms
   285 | D        | Killed a fire bat
   286 | D        | Reached skill level 5 in Dodging
   286 | D        | Gained mutation: You have very sharp fingernails. [demonic
                  | ancestry]
   286 | D        | Reached XP level 7. HP: 65/65 MP: 7/7
   289 | D        | Reached skill level 5 in Armour
   293 | D        | Reached skill level 10 in Fighting
   299 | D        | Reached ***** piety under Trog
   318 | D        | Noticed Pikel
   325 | D        | Killed Pikel
   326 | D        | Reached skill level 10 in Polearms
   326 | D        | Gained mutation: You have hoof-like feet. [demonic
                  | ancestry]
   326 | D        | Reached XP level 8. HP: 74/75 MP: 8/8
   329 | D        | Noticed an elephant
   336 | D        | Killed an elephant
   337 | D        | Reached skill level 11 in Polearms
   682 | D        | Noticed a manticore
   682 | D        | Noticed Josephine
   692 | D        | Received a gift from Trog
   697 | D        | Killed a manticore
   698 | D        | Reached skill level 12 in Polearms
   698 | D        | Gained mutation: You sometimes emit foul miasma when
                  | damaged in melee. [demonic ancestry]
   698 | D        | Reached XP level 9. HP: 82/82 MP: 9/9
   698 | D        | Noticed Jessica
   709 | D        | Killed Josephine
   710 | D        | Reached skill level 13 in Polearms
   715 | D        | Killed Jessica
   992 | D        | Noticed an orc knight
   992 | D        | Noticed a death yak
   995 | D        | Received a gift from Trog
  1000 | D        | Killed an orc knight
  1016 | D        | HP: 4/85 [death yak (20)]
  1019 | D        | Killed a death yak
  1020 | D        | Gained mutation: You have hooves in place of feet. [demonic
                  | ancestry]
  1020 | D        | Reached XP level 10. HP: 44/92 MP: 10/10
  1022 | D        | Reached ****** piety under Trog
  1254 | D        | Noticed an elephant
  1254 | D        | Noticed a two-headed ogre
  1258 | D        | Reached skill level 14 in Polearms
  1263 | D        | Killed an elephant
  1265 | D        | Killed a two-headed ogre
  1484 | D        | Noticed an orc high priest
  1484 | D        | Noticed an orc sorcerer
  1490 | D        | Noticed an orange demon
  1492 | D        | Received a gift from Trog
  1495 | D        | Reached skill level 10 in Armour
  1497 | D        | Noticed a rust devil
  1503 | D        | Killed an orc sorcerer
  1520 | D        | Killed an orc high priest
  1521 | D        | Reached skill level 15 in Polearms
  1592 | D        | Noticed a deep troll
  1596 | D        | Received a gift from Trog
  1608 | D        | Killed a deep troll
  1874 | D        | Noticed a sea snake
  1877 | D        | Reached XP level 11. HP: 100/101 MP: 11/11
  1882 | D        | Killed a sea snake
  1885 | D        | Received a gift from Trog
  1886 | D        | Reached skill level 15 in Fighting
  1898 | D        | Reached skill level 16 in Polearms
  1927 | D        | Noticed Eustachio
  1933 | D        | Killed Eustachio
  2162 | D        | Noticed a merfolk javelineer
  2179 | D        | Killed a merfolk javelineer
  2179 | D        | Received a gift from Trog
  2189 | D        | Reached skill level 5 in Stealth
  2334 | D        | Received a gift from Trog
  2335 | D        | Noticed Joseph
  2341 | D        | Reached skill level 17 in Polearms
  2349 | D        | Killed Joseph
  2361 | D        | Received a gift from Trog
  2479 | D        | Acquired the +4 buckler of Toroareh {rElec MP+9 Str+2}
  2586 | D        | Noticed a vampire knight
  2588 | D        | Received a gift from Trog
  2595 | D        | Killed a vampire knight
  2647 | D        | Identified the +8 halberd of Conscience {heavy, *Slow rPois
                  | Str+10 Dex-4} (Trog gifted it to you in the Dungeon)
  2647 | D        | Received a gift from Trog
  2689 | D        | Gained mutation: You frequently emit foul miasma when
                  | damaged in melee. [demonic ancestry]
  2689 | D        | Reached XP level 12. HP: 113/113 MP: 7/12
  2696 | D        | Reached skill level 1 in Shields
  2697 | D        | Received a gift from Trog
  2698 | D        | Reached skill level 18 in Polearms
  2907 | D        | Noticed an anaconda
  2907 | D        | Noticed a vampire knight
  2907 | D        | Noticed a stone giant
  2913 | D        | Killed a vampire knight
  2917 | D        | Killed an anaconda
  2926 | D        | Killed a lorocyproca
  2943 | D        | HP: 1/113 [something (8)]
  2945 | D        | Demolished by a stone giant

Illustrated notes

Levels and vault maps discovered:
D:        pitsprint [storerooms_1, entrance_room_1, metal_vault_2, armoury_1,
          mini_pit_1, grid_room_1, main_hall_1, silver_pit, the_coven_2,
          the_vestibule_1, steel_vault_1, golden_pit, hallway_of_sentries,
          crystal_vault_3, iron_vault_1, final_vault]

Skill      XL: |  1  2  3  4  5  6  7  8  9 10 11 12 |
---------------+-------------------------------------+-----
Polearms       | 5 7 8 9 10 12 13 15 17 18 | 18.4
Fighting       | 6 7 8 9 11 12 13 14 16 | 16.8
Armour         | 3 4 5 7 9 11 13 | 13.8
Dodging        | 3 4 5 6 7 8 9 |  9.1
Stealth        | 1 2 3 4 5 6 |  6.0
Shields        | 2 |  2.4

Action                     |  1- 3 |  4- 6 |  7- 9 | 10-12 || total
---------------------------+-------+-------+-------+-------++-------
  Melee: Trident           |     4 |    23 |    69 |       ||    96
         Spear             |     3 |       |       |       ||     3
         Kick              |       |     1 |    14 |    61 ||    76
         Glaive            |       |       |    23 |   112 ||   135
         Demon trident     |       |       |       |    82 ||    82
 Invoke: Berserk           |       |     2 |     2 |     8 ||    12
         Trog's Hand       |       |       |       |     4 ||     4
         Brothers in Arms  |       |       |       |     1 ||     1
    Use: Potion            |       |       |     4 |     2 ||     6
         Scroll            |       |       |       |     1 ||     1
   Stab: Confused          |       |       |       |     2 ||     2
 Armour: Animal skin       |     3 |       |       |       ||     3
         Chain mail        |       |     4 |    75 |    99 ||   178
  Dodge: Dodged            |     2 |     8 |    75 |   120 ||   205
  Block: Buckler           |       |       |       |    28 ||    28
